Red Wings vs Maple Leafs (R2)

Created - 22 septembre 2014 at 19:03

Goals
1 2 3 T
Red Wings 0 3 1 4
Maple Leafs 2 3 3 8
Shots
1 2 3 T
Red Wings 2 13 13 28
Maple Leafs 11 10 11 32

1st period

1. Maple Leafs , Byron Bitz 1 (Brendan Morrison, Dion Phaneuf) at 0:37
2. Maple Leafs , Claude Giroux 1 (Evgeni Malkin, Alex Goligoski) at 12:29

Penalties :
Martin Havlat (Det) for Interference (Minor) at 12:32, Alexander Frolov (Tor) for High sticking (Double Minor) at 17:53

2nd period

3. Maple Leafs , Evgeni Malkin 1 (Claude Giroux) at 2:51
4. Maple Leafs , Brendan Morrison 1 (Byron Bitz) at 7:13 (PP)
5. Red Wings , Richard Jackman 1 (Rick Nash, Martin Havlat) at 11:33
6. Maple Leafs , Brendan Morrison 2 (Braydon Coburn, Alex Goligoski) at 12:47
7. Red Wings , Jason Spezza 1 (Rick Nash, Shea Weber) at 13:23 (PP)
8. Red Wings , Christian Laflamme 1 (Robert Dome, Michal Grosek) at 16:49

Penalties :
Steve Ott (Tor) for Slashing (Minor) at 4:26, Mike Brown (Det) for Tripping (Minor) at 6:37, Rick Nash (Det) for Boarding (Minor) at 8:54, Evgeni Malkin (Tor) for Tripping (Minor) at 13:03, Christian Laflamme (Det) for Interference (Minor) at 14:38

3rd period

9. Maple Leafs , Claude Giroux 2 (Evgeni Malkin, Alex Goligoski) at 2:57 (PP)
10. Red Wings , Carson Mcmillan 1 (Christian Backman, Nate Thompson) at 6:42
11. Maple Leafs , Claude Giroux 3 (Evgeni Malkin, Tobias Enstrom) at 7:43 (PP)
12. Maple Leafs , Alexander Frolov 1 (Jordan Staal, Brendan Morrison) at 17:33

Penalties :
Teemu Selanne (Det) for Unsportsmanlike conduct (Major / Game Misconduct) at 0:28, Sean Bergenheim (Det) for Interference (Minor) at 7:25, Richard Jackman (Det) for Holding (Minor) at 9:01, Carson Mcmillan (Det) for Holding (Minor) at 11:30, Jordan Staal (Tor) for Boarding (Minor) at 15:20

Goalie Stats

Jonathan Quick (Det), 11 saves from 15 shots - (0,733), 27:13 minutes
Scott Clemmensen (Det), 13 saves from 17 shots - (0,765), L, 0-1-0, 32:47 minutes
Marc-André Fleury (Tor), 24 saves from 28 shots - (0,857), W, 1-0-0, 60:00 minutes

Players Stats for Red Wings

Player Name              G  A  P  +/- PIM S  H  SB GA TA FO     MP     PP MP  PK MP  
------------------------------------------------------------------------------------
Carson Mcmillan          1  0  1  -1  2   1  0  1  0  0  0/0     5:43   0:00   0:00 
Christian Backman        0  1  1   1  0   2  2  0  0  0  0/0    11:13   0:00   1:44 
Christian Laflamme       1  0  1   1  2   2  0  1  0  1  0/0    16:49   0:00   5:42 
Jason Spezza             1  0  1  -1  0   5  3  0  0  1  21/35  25:20   4:30   8:38 
Martin Havlat            0  1  1   0  2   4  1  1  0  0  0/2    22:01   4:30   4:27 
Maxim Kondratiev         0  0  0   0  0   0  1  0  0  2  0/0    12:15   4:01   0:02 
Michal Grosek            0  1  1   0  0   1  1  0  0  0  0/0     8:52   0:00   2:18 
Mike Brown               0  0  0   0  2   2  0  0  0  0  0/0     7:31   0:00   0:00 
Mike Richards            0  0  0  -2  0   1  3  1  1  1  3/11   19:28   3:47   6:03 
Nate Thompson            0  1  1   0  0   0  0  0  1  0  0/2     6:20   0:09   0:00 
Paul Martin              0  0  0  -3  0   1  0  0  0  1  0/0    28:57   4:16   9:08 
Richard Jackman          1  0  1   1  2   1  0  2  0  0  0/0    20:55   4:01   5:52 
Rick Nash                0  2  2   0  2   4  2  0  0  0  1/3    24:42   4:30   7:35 
Robert Dome              0  1  1   1  0   1  0  0  0  1  1/1    10:22   0:00   2:28 
Sean Bergenheim          0  0  0  -2  2   0  1  0  0  0  0/0    13:12   3:47   0:07 
Shawn Horcoff            0  0  0   0  0   0  1  0  0  0  3/8    10:43   0:52   0:00 
Shea Weber               0  1  1  -3  0   2  2  0  2  2  0/0    30:04   4:16   9:08 
Teemu Selanne            0  0  0  -2  15  1  0  0  0  1  0/0     9:37   2:46   0:00 

Players Stats for Maple Leafs

Player Name              G  A  P  +/- PIM S  H  SB GA TA FO     MP     PP MP  PK MP  
------------------------------------------------------------------------------------
Alex Goligoski           0  3  3   2  0   1  2  0  0  1  0/0    21:42   7:05   3:17 
Alexander Frolov         1  0  1   2  4   4  2  2  0  1  0/1    23:02   8:10   1:36 
Blake Comeau             0  0  0  -1  0   0  1  0  0  0  0/0     7:15   0:44   0:00 
Braydon Coburn           0  1  1   2  0   0  0  1  0  0  0/0    21:42   7:05   3:17 
Brendan Morrison         2  2  4   3  0   6  2  0  0  0  7/10   17:50   6:40   2:48 
Byron Bitz               1  1  2   2  0   5  3  0  0  0  0/0    14:45   6:40   0:00 
Claude Giroux            3  1  4   1  0   6  2  1  2  0  5/8    26:03   8:13   4:50 
Colby Armstrong          0  0  0  -1  0   0  0  0  0  0  0/0     8:49   0:47   0:00 
Dion Phaneuf             0  1  1   1  0   3  3  0  1  0  0/0    30:26   8:43   5:00 
Evgeni Malkin            1  3  4   1  2   5  2  1  2  0  15/34  25:39   8:10   4:30 
Jamie McBain             0  0  0  -1  0   0  0  0  0  1  0/0     7:52   0:00   0:00 
Jordan Staal             0  1  1   0  2   0  1  0  1  0  4/4     9:31   0:58   0:18 
Justin Abdelkader        0  0  0  -1  0   0  2  0  1  0  0/0     7:19   0:22   0:26 
Matt Pettinger           0  0  0   2  0   0  2  0  0  0  0/1    14:45   6:40   0:00 
Noah Welch               0  0  0  -1  0   0  0  1  0  0  0/0     8:11   0:06   0:00 
Rob Schremp              0  0  0  -1  0   1  0  0  0  0  1/1     6:31   0:00   0:00 
Steve Ott                0  0  0  -1  2   0  2  0  1  0  1/3    10:10   0:00   2:06 
Tobias Enstrom           0  1  1   1  0   1  1  1  2  1  0/0    30:07   8:37   5:00 

3 Stars

1 - Claude Giroux (Tor)
2 - Brendan Morrison (Tor)
3 - Evgeni Malkin (Tor)

Power Play

Red Wings - 1 on 5 Attempt(s) - 20,00%
Maple Leafs - 3 on 8 Attempt(s) - 37,50%

Penalty Kill

Red Wings - 5 on 8 Attempt(s) - 62,50% - Score 0 goal in Penalty Kill
Maple Leafs - 4 on 5 Attempt(s) - 80,00% - Score 0 goal in Penalty Kill

Official

Referees : Auger Stephane and StPierre Justin
Linesman : Derek Nansen and Jay Sharrers

Game Notes

Scott Clemmensen enters game at 7:13 of 2nd period
Teemu Selanne ejected from game at 0:28 of 3rd period
Claude Giroux has scored a Hat Trick!
Richard Jackman is injured at 19:29 of 3rd period (Groin)

Finance

Level 1 -- Attendance: 4618 (76,97%) -- Ticket Income 461 800 $
Level 2 -- Attendance: 3521 (70,42%) -- Ticket Income 228 865 $
Level 3 -- Attendance: 1299 (64,95%) -- Ticket Income 54 558 $
Level 4 -- Attendance: 2449 (61,23%) -- Ticket Income 73 470 $
Luxury Box -- Attendance: 778 (77,80%) -- Ticket Income 143 930 $
Game was played at the Maple Leafs Garden
Total Attendance: 12665 (70,36%)
Total Ticket Income: 962 623 $
Other Income: 144 393 $
Total Income: 1 107 016 $

Red Wings

5 vs 5 Forward 
   Center                   Left Wing                Right Wing               Time % Phy DF OF 
 1 Jason Spezza             Rick Nash                Martin Havlat            40     1   2  2  
 2 Mike Richards            Sean Bergenheim          Teemu Selanne            30     1   2  2  
 3 Shawn Horcoff            Robert Dome              Mike Brown               20     1   2  2  
 4 Nate Thompson            Michal Grosek            Carson Mcmillan          10     1   2  2  

5 vs 5 Defense 
   Defense                  Defense                                           Time % Phy DF OF 
 1 Shea Weber               Paul Martin                                       40     1   2  2  
 2 Richard Jackman          Christian Laflamme                                30     1   2  2  
 3 Maxim Kondratiev         Christian Backman                                 20     1   2  2  
 4 Christian Backman        Shea Weber                                        10     1   2  2  

PowerPlay Forward 
   Center                   Left Wing                Right Wing               Time % Phy DF OF 
 1 Jason Spezza             Rick Nash                Martin Havlat            60     1   2  2  
 2 Mike Richards            Sean Bergenheim          Teemu Selanne            40     1   2  2  

PowerPlay Defense
   Defense                  Defense                                           Time % Phy DF OF 
 1 Shea Weber               Paul Martin                                       60     1   2  2  
 2 Richard Jackman          Maxim Kondratiev                                  40     1   2  2  

Penalty Kill 4 Players Forward 
   Center                   Wing                     Time % Phy DF OF 
 1 Jason Spezza             Rick Nash                60     1   2  2  
 2 Mike Richards            Martin Havlat            40     1   2  2  

Penalty Kill 4 Players Defense
   Defense                  Defense                  Time % Phy DF OF 
 1 Shea Weber               Paul Martin              60     1   2  2  
 2 Richard Jackman          Christian Laflamme       40     1   2  2  

Penalty Kill - 3 Players Forward 
   Forward                                           Time % Phy DF OF 
 1 Jason Spezza                                      60     1   2  2  
 2 Mike Richards                                     40     1   2  2  

Penalty Kill - 3 Players Defense
   Defense                  Defense                  Time % Phy DF OF 
 1 Shea Weber               Paul Martin              60     1   2  2  
 2 Richard Jackman          Christian Laflamme       40     1   2  2  

4 vs 4 Forward 
   Center                   Wing                     Time % Phy DF OF 
 1 Jason Spezza             Rick Nash                60     1   2  2  
 2 Mike Richards            Martin Havlat            40     1   2  2  

4 vs 4 Defense
   Defense                  Defense                  Time % Phy DF OF 
 1 Shea Weber               Paul Martin              60     1   2  2  
 2 Paul Martin              Maxim Kondratiev         40     1   2  2  

Last Minutes Offensive
   Center                   Left Wing                Right Wing               Defense                  Defense                  
   Jason Spezza             Rick Nash                Martin Havlat            Shea Weber               Richard Jackman          

Last Minutes Defensive
   Center                   Left Wing                Right Wing               Defense                  Defense                  
   Jason Spezza             Rick Nash                Martin Havlat            Shea Weber               Richard Jackman          

Goaltenders
Starting : Jonathan Quick           
Backup : Scott Clemmensen         

Extra Forwards
Normal : Shawn Horcoff, Nate Thompson, Robert Dome - PP : Shawn Horcoff, Nate Thompson - PK : Robert Dome
Extra Defensemen
Normal : Maxim Kondratiev, Richard Jackman, Christian Backman - PP : Maxim Kondratiev - PK : Christian Laflamme, Christian Backman
Penalty Shots
Jason Spezza, Rick Nash, Mike Richards, Martin Havlat, Sean Bergenheim

Maple Leafs

5 vs 5 Forward 
   Center                   Left Wing                Right Wing               Time % Phy DF OF 
 1 Evgeni Malkin            Alexander Frolov         Claude Giroux            40     1   1  3  
 2 Brendan Morrison         Matt Pettinger           Byron Bitz               30     1   2  2  
 3 Jordan Staal             Steve Ott                Colby Armstrong          20     1   2  2  
 4 Rob Schremp              Justin Abdelkader        Blake Comeau             10     1   2  2  

5 vs 5 Defense 
   Defense                  Defense                                           Time % Phy DF OF 
 1 Dion Phaneuf             Tobias Enstrom                                    40     1   2  2  
 2 Alex Goligoski           Braydon Coburn                                    30     1   2  2  
 3 Noah Welch               Jamie McBain                                      20     1   2  2  
 4 Dion Phaneuf             Tobias Enstrom                                    10     1   2  2  

PowerPlay Forward 
   Center                   Left Wing                Right Wing               Time % Phy DF OF 
 1 Evgeni Malkin            Alexander Frolov         Claude Giroux            60     1   1  3  
 2 Brendan Morrison         Matt Pettinger           Byron Bitz               40     1   1  3  

PowerPlay Defense
   Defense                  Defense                                           Time % Phy DF OF 
 1 Dion Phaneuf             Tobias Enstrom                                    60     1   1  3  
 2 Alex Goligoski           Braydon Coburn                                    40     1   1  3  

Penalty Kill 4 Players Forward 
   Center                   Wing                     Time % Phy DF OF 
 1 Claude Giroux            Evgeni Malkin            60     1   3  1  
 2 Alexander Frolov         Brendan Morrison         40     1   3  1  

Penalty Kill 4 Players Defense
   Defense                  Defense                  Time % Phy DF OF 
 1 Dion Phaneuf             Tobias Enstrom           60     1   3  1  
 2 Alex Goligoski           Braydon Coburn           40     1   1  3  

Penalty Kill - 3 Players Forward 
   Forward                                           Time % Phy DF OF 
 1 Claude Giroux                                     60     1   4  0  
 2 Evgeni Malkin                                     40     1   4  0  

Penalty Kill - 3 Players Defense
   Defense                  Defense                  Time % Phy DF OF 
 1 Dion Phaneuf             Tobias Enstrom           60     1   4  0  
 2 Alex Goligoski           Braydon Coburn           40     1   4  0  

4 vs 4 Forward 
   Center                   Wing                     Time % Phy DF OF 
 1 Claude Giroux            Evgeni Malkin            60     1   2  2  
 2 Alexander Frolov         Brendan Morrison         40     1   2  2  

4 vs 4 Defense
   Defense                  Defense                  Time % Phy DF OF 
 1 Dion Phaneuf             Tobias Enstrom           60     1   2  2  
 2 Alex Goligoski           Braydon Coburn           40     1   2  2  

Last Minutes Offensive
   Center                   Left Wing                Right Wing               Defense                  Defense                  
   Evgeni Malkin            Alexander Frolov         Claude Giroux            Dion Phaneuf             Tobias Enstrom           

Last Minutes Defensive
   Center                   Left Wing                Right Wing               Defense                  Defense                  
   Evgeni Malkin            Alexander Frolov         Claude Giroux            Dion Phaneuf             Tobias Enstrom           

Goaltenders
Starting : Marc-André Fleury        
Backup : Niklas Backstrom         

Extra Forwards
Normal : Colby Armstrong, Jordan Staal, Steve Ott - PP : Colby Armstrong, Jordan Staal - PK : Steve Ott
Extra Defensemen
Normal : Noah Welch, Jamie McBain, Alex Goligoski - PP : Noah Welch - PK : Jamie McBain, Alex Goligoski
Penalty Shots
Claude Giroux, Evgeni Malkin, Alexander Frolov, Brendan Morrison, Byron Bitz

% Time on Ice - Red Wings

Lines # - Real PCT - Wanted PCT - Time Play
Normal Forward
1 - 36% - 40% - 12:58
2 - 28% - 30% - 9:59
3 - 21% - 20% - 7:24
4 - 15% - 10% - 5:34
Normal Defense
1 - 44% - 40% - 15:41
2 - 31% - 30% - 11:08
3 - 22% - 20% - 7:59
4 - 3% - 10% - 1:07
PP Forward
1 - 54% - 60% - 4:30
2 - 46% - 40% - 3:47
PP Defense
1 - 52% - 60% - 4:16
2 - 48% - 40% - 4:01
PK Forward
1 - 68% - 60% - 10:47
2 - 32% - 40% - 5:01
PK Defense
1 - 58% - 60% - 9:10
2 - 42% - 40% - 6:38
PK3 Forward
1 - 0% - 60%
2 - 0% - 40%
PK3 Defense
1 - 0% - 60%
2 - 0% - 40%
44 Forward
1 - 0% - 60%
2 - 0% - 40%
44 Defense
1 - 0% - 60%
2 - 0% - 40%
Last Minute Offensive  - 0:00
Last Minute Defensive  - 0:00
Total
Forward - 60:00
Defense - 60:00

% Time on Ice - Maple Leafs

Lines # - Real PCT - Wanted PCT - Time Play
Normal Forward
1 - 36% - 40% - 13:00
2 - 23% - 30% - 8:22
3 - 22% - 20% - 8:02
4 - 18% - 10% - 6:31
Normal Defense
1 - 44% - 40% - 15:45
2 - 32% - 30% - 11:20
3 - 22% - 20% - 7:52
4 - 3% - 10% - 0:58
PP Forward
1 - 55% - 60% - 8:46
2 - 45% - 40% - 7:02
PP Defense
1 - 55% - 60% - 8:43
2 - 45% - 40% - 7:05
PK Forward
1 - 74% - 60% - 6:07
2 - 26% - 40% - 2:10
PK Defense
1 - 60% - 60% - 5:00
2 - 40% - 40% - 3:17
PK3 Forward
1 - 0% - 60%
2 - 0% - 40%
PK3 Defense
1 - 0% - 60%
2 - 0% - 40%
44 Forward
1 - 0% - 60%
2 - 0% - 40%
44 Defense
1 - 0% - 60%
2 - 0% - 40%
Last Minute Offensive  - 0:00
Last Minute Defensive  - 0:00
Total
Forward - 60:00
Defense - 60:00

Play by Play

1st period


0:01 of 1st period - Jason Spezza wins face-off versus Evgeni Malkin in neutral zone.
0:14 of 1st period - Rick Nash is hit by Evgeni Malkin and loses puck.
0:27 of 1st period - Byron Bitz is hit by Mike Richards.
0:33 of 1st period - Slapshot by Dion Phaneuf.
0:33 of 1st period - Stopped by Jonathan Quick with a rebound.
0:35 of 1st period - Wrist shot by Brendan Morrison.
0:35 of 1st period - Stopped by Jonathan Quick with a rebound.
0:37 of 1st period - Wrist shot by Byron Bitz.
0:37 of 1st period - Goal by Byron Bitz - Red Wings : 0 - Maple Leafs : 1.
0:38 of 1st period - Jordan Staal wins face-off versus Shawn Horcoff in neutral zone.
1:56 of 1st period - Martin Havlat is hit by Byron Bitz and loses puck.
2:23 of 1st period - Slapshot by Dion Phaneuf.
2:23 of 1st period - Stopped by Jonathan Quick without a rebound.
2:24 of 1st period - Mike Richards wins face-off versus Evgeni Malkin in Red Wings zone.
2:31 of 1st period - Braydon Coburn is hit by Shea Weber and loses puck.
2:50 of 1st period - Braydon Coburn is hit by Rick Nash.
3:12 of 1st period - Snap shot by Robert Dome.
3:12 of 1st period - Shot Misses the Net.
4:49 of 1st period - Slapshot by Brendan Morrison.
4:49 of 1st period - Shot Misses the Net.
4:51 of 1st period - Slapshot by Brendan Morrison.
4:51 of 1st period - Stopped by Jonathan Quick without a rebound.
4:52 of 1st period - Evgeni Malkin wins face-off versus Mike Richards in Red Wings zone.
5:37 of 1st period - Richard Jackman is hit by Blake Comeau and loses puck.
5:48 of 1st period - Wrist shot by Justin Abdelkader.
5:48 of 1st period - Shot Misses the Net.
6:29 of 1st period - Jason Spezza is hit by Steve Ott and loses puck.
6:48 of 1st period - Paul Martin is hit by Evgeni Malkin.
7:04 of 1st period - Icing by Shawn Horcoff.
7:05 of 1st period - Brendan Morrison wins face-off versus Nate Thompson in Red Wings zone.
7:40 of 1st period - Snap shot by Evgeni Malkin.
7:40 of 1st period - Stopped by Jonathan Quick with a rebound.
8:54 of 1st period - Jason Spezza is hit by Claude Giroux and loses puck.
9:32 of 1st period - Dion Phaneuf is hit by Maxim Kondratiev and loses puck.
9:43 of 1st period - Wrist shot by Mike Richards.
9:43 of 1st period - Stopped by Marc-André Fleury without a rebound.
9:44 of 1st period - Evgeni Malkin wins face-off versus Rick Nash in Maple Leafs zone.
10:09 of 1st period - Robert Dome is hit by Alex Goligoski and loses puck.
10:15 of 1st period - Icing by Richard Jackman.
10:16 of 1st period - Brendan Morrison wins face-off versus Shawn Horcoff in Red Wings zone.
10:21 of 1st period - Backhand shot by Byron Bitz.
10:21 of 1st period - Stopped by Jonathan Quick with a rebound.
10:25 of 1st period - Snap shot by Brendan Morrison.
10:25 of 1st period - Shot Misses the Net.
10:27 of 1st period - Snap shot by Byron Bitz.
10:27 of 1st period - Stopped by Jonathan Quick without a rebound.
10:28 of 1st period - Evgeni Malkin wins face-off versus Jason Spezza in Red Wings zone.
10:33 of 1st period - Snap shot by Claude Giroux.
10:33 of 1st period - Deflect By Alexander Frolov.
10:33 of 1st period - Stopped by Jonathan Quick without a rebound.
10:34 of 1st period - Jason Spezza wins face-off versus Evgeni Malkin in Red Wings zone.
11:58 of 1st period - Snap shot by Rick Nash.
11:58 of 1st period - Shot Blocked by Braydon Coburn.
12:00 of 1st period - Slapshot by Shea Weber.
12:00 of 1st period - Shot Blocked by Alexander Frolov.
12:02 of 1st period - Wrist shot by Rick Nash.
12:02 of 1st period - Shot Blocked by Claude Giroux.
12:27 of 1st period - Snap shot by Claude Giroux.
12:27 of 1st period - Shot Blocked by Christian Laflamme.
12:29 of 1st period - Slapshot by Claude Giroux.
12:29 of 1st period - Goal by Claude Giroux - Red Wings : 0 - Maple Leafs : 2.
12:30 of 1st period - Jason Spezza wins face-off versus Brendan Morrison in neutral zone.
12:32 of 1st period - Minor Penalty to Martin Havlat for Interference.
12:33 of 1st period - Evgeni Malkin wins face-off versus Jason Spezza in Red Wings zone.
12:33 of 1st period - Snap shot by Claude Giroux.
12:33 of 1st period - Shot Misses the Net.
14:32 of 1st period - Penalty to Martin Havlat is over, Martin Havlat is back on ice.
14:38 of 1st period - Snap shot by Byron Bitz.
14:38 of 1st period - Shot Blocked by Mike Richards.
14:40 of 1st period - Wrist shot by Matt Pettinger.
14:40 of 1st period - Shot Misses the Net.
15:02 of 1st period - Wrist shot by Brendan Morrison.
15:02 of 1st period - Shot Misses the Net.
15:06 of 1st period - Wrist shot by Byron Bitz.
15:06 of 1st period - Stopped by Jonathan Quick with a rebound.
15:08 of 1st period - Wrist shot by Byron Bitz.
15:08 of 1st period - Deflect By Mike Richards.
15:08 of 1st period - Shot Misses the Net.
15:08 of 1st period - Puck is out of play.
15:09 of 1st period - Shawn Horcoff wins face-off versus Evgeni Malkin in Red Wings zone.
15:20 of 1st period - Snap shot by Shawn Horcoff.
15:20 of 1st period - Deflect By Robert Dome.
15:20 of 1st period - Shot Blocked by Alexander Frolov.
15:20 of 1st period - Puck is out of play.
15:21 of 1st period - Jason Spezza wins face-off versus Evgeni Malkin in Maple Leafs zone.
15:48 of 1st period - Mike Brown is hit by Justin Abdelkader and loses puck.
15:59 of 1st period - Slapshot by Justin Abdelkader.
15:59 of 1st period - Shot Misses the Net.
17:53 of 1st period - Double Minor Penalty to Alexander Frolov for High sticking.
17:54 of 1st period - Jason Spezza wins face-off versus Claude Giroux in Maple Leafs zone.
17:54 of 1st period - Wrist shot by Martin Havlat.
17:54 of 1st period - Shot Misses the Net.
17:56 of 1st period - Wrist shot by Rick Nash.
17:56 of 1st period - Stopped by Marc-André Fleury without a rebound.
17:57 of 1st period - Claude Giroux wins face-off versus Jason Spezza in Maple Leafs zone.
17:57 of 1st period - Claude Giroux is hit by Jason Spezza.
18:09 of 1st period - Claude Giroux is hit by Jason Spezza and loses puck.
Goals for this period are 0 for Red Wings vs 2 for Maple Leafs.
Shots for this period are 2 for Red Wings vs 11 for Maple Leafs.

2nd period


0:01 of 2nd period - Jason Spezza wins face-off versus Claude Giroux in neutral zone.
0:13 of 2nd period - Claude Giroux is hit by Jason Spezza.
0:59 of 2nd period - Off-side.
1:00 of 2nd period - Steve Ott wins face-off versus Mike Richards in neutral zone.
1:40 of 2nd period - Dion Phaneuf is hit by Sean Bergenheim and loses puck.
1:53 of 2nd period - Penalty to Alexander Frolov is over, Alexander Frolov is back on ice.
2:51 of 2nd period - Wrist shot by Evgeni Malkin.
2:51 of 2nd period - Goal by Evgeni Malkin - Red Wings : 0 - Maple Leafs : 3.
2:52 of 2nd period - Evgeni Malkin wins face-off versus Jason Spezza in neutral zone.
3:02 of 2nd period - Wrist shot by Claude Giroux.
3:02 of 2nd period - Stopped by Jonathan Quick without a rebound.
3:03 of 2nd period - Jason Spezza wins face-off versus Evgeni Malkin in Red Wings zone.
3:03 of 2nd period - Jason Spezza is hit by Dion Phaneuf.
3:53 of 2nd period - Wrist shot by Robert Dome.
3:53 of 2nd period - Deflect By Shawn Horcoff.
3:53 of 2nd period - Shot Misses the Net.
3:53 of 2nd period - Puck is out of play.
3:54 of 2nd period - Jordan Staal wins face-off versus Shawn Horcoff in Maple Leafs zone.
4:26 of 2nd period - Minor Penalty to Steve Ott for Slashing.
4:27 of 2nd period - Claude Giroux wins face-off versus Jason Spezza in Maple Leafs zone.
5:37 of 2nd period - Slapshot by Brendan Morrison.
5:37 of 2nd period - Stopped by Jonathan Quick with a rebound.
6:12 of 2nd period - Icing by Mike Richards.
6:13 of 2nd period - Jordan Staal wins face-off versus Mike Richards in Red Wings zone.
6:26 of 2nd period - Penalty to Steve Ott is over, Steve Ott is back on ice.
6:32 of 2nd period - Snap shot by Colby Armstrong.
6:32 of 2nd period - Deflect By Shea Weber.
6:32 of 2nd period - Shot Misses the Net.
6:32 of 2nd period - Puck is out of play.
6:33 of 2nd period - Jordan Staal wins face-off versus Shawn Horcoff in Red Wings zone.
6:37 of 2nd period - Minor Penalty to Mike Brown for Tripping.
6:38 of 2nd period - Evgeni Malkin wins face-off versus Jason Spezza in Red Wings zone.
7:04 of 2nd period - Paul Martin is hit by Brendan Morrison and loses puck.
7:13 of 2nd period - Snap shot by Brendan Morrison.
7:13 of 2nd period - Goal by Brendan Morrison - Red Wings : 0 - Maple Leafs : 4.
7:13 of 2nd period - Scott Clemmensen enters game.
7:14 of 2nd period - Mike Richards wins face-off versus Evgeni Malkin in neutral zone.
7:25 of 2nd period - Slapshot by Teemu Selanne.
7:25 of 2nd period - Stopped by Marc-André Fleury without a rebound.
7:26 of 2nd period - Evgeni Malkin wins face-off versus Jason Spezza in Maple Leafs zone.
7:36 of 2nd period - Off-side.
7:37 of 2nd period - Evgeni Malkin wins face-off versus Jason Spezza in neutral zone.
8:04 of 2nd period - Tobias Enstrom is hit by Shea Weber and loses puck.
8:11 of 2nd period - Paul Martin is hit by Matt Pettinger.
8:54 of 2nd period - Minor Penalty to Rick Nash for Boarding.
8:55 of 2nd period - Robert Dome wins face-off versus Evgeni Malkin in Red Wings zone.
9:45 of 2nd period - Wrist shot by Mike Richards.
9:45 of 2nd period - Shot Misses the Net.
10:35 of 2nd period - Mike Richards is hit by Tobias Enstrom and loses puck.
10:54 of 2nd period - Penalty to Rick Nash is over, Rick Nash is back on ice.
11:04 of 2nd period - Noah Welch is hit by Shawn Horcoff and loses puck.
11:29 of 2nd period - Snap shot by Rick Nash.
11:29 of 2nd period - Shot Blocked by Noah Welch.
11:31 of 2nd period - Slapshot by Richard Jackman.
11:31 of 2nd period - Shot Misses the Net.
11:33 of 2nd period - Wrist shot by Richard Jackman.
11:33 of 2nd period - Goal by Richard Jackman - Red Wings : 1 - Maple Leafs : 4.
11:34 of 2nd period - Jason Spezza wins face-off versus Matt Pettinger in neutral zone.
12:08 of 2nd period - Slapshot by Claude Giroux.
12:08 of 2nd period - Deflect By Sean Bergenheim.
12:08 of 2nd period - Shot Misses the Net.
12:08 of 2nd period - Puck is out of play.
12:09 of 2nd period - Jason Spezza wins face-off versus Evgeni Malkin in Red Wings zone.
12:18 of 2nd period - Slapshot by Jason Spezza.
12:18 of 2nd period - Stopped by Marc-André Fleury with a rebound.
12:20 of 2nd period - Snap shot by Rick Nash.
12:20 of 2nd period - Stopped by Marc-André Fleury with a rebound.
12:22 of 2nd period - Snap shot by Martin Havlat.
12:22 of 2nd period - Shot Blocked by Evgeni Malkin.
12:30 of 2nd period - Alex Goligoski is hit by Martin Havlat and loses puck.
12:47 of 2nd period - Wrist shot by Brendan Morrison.
12:47 of 2nd period - Goal by Brendan Morrison - Red Wings : 1 - Maple Leafs : 5.
12:48 of 2nd period - Jason Spezza wins face-off versus Evgeni Malkin in neutral zone.
13:03 of 2nd period - Minor Penalty to Evgeni Malkin for Tripping.
13:04 of 2nd period - Jason Spezza wins face-off versus Steve Ott in Maple Leafs zone.
13:07 of 2nd period - Snap shot by Jason Spezza.
13:07 of 2nd period - Stopped by Marc-André Fleury without a rebound.
13:08 of 2nd period - Jason Spezza wins face-off versus Claude Giroux in Maple Leafs zone.
13:13 of 2nd period - Snap shot by Martin Havlat.
13:13 of 2nd period - Stopped by Marc-André Fleury with a rebound.
13:15 of 2nd period - Slapshot by Shea Weber.
13:15 of 2nd period - Stopped by Marc-André Fleury with a rebound.
13:23 of 2nd period - Slapshot by Jason Spezza.
13:23 of 2nd period - Goal by Jason Spezza - Red Wings : 2 - Maple Leafs : 5.
13:24 of 2nd period - Claude Giroux wins face-off versus Martin Havlat in neutral zone.
13:39 of 2nd period - Snap shot by Evgeni Malkin.
13:39 of 2nd period - Stopped by Scott Clemmensen with a rebound.
13:41 of 2nd period - Slapshot by Dion Phaneuf.
13:41 of 2nd period - Deflect By Shea Weber.
13:41 of 2nd period - Stopped by Scott Clemmensen without a rebound.
13:42 of 2nd period - Brendan Morrison wins face-off versus Mike Richards in Red Wings zone.
13:43 of 2nd period - Snap shot by Byron Bitz.
13:43 of 2nd period - Stopped by Scott Clemmensen without a rebound.
13:44 of 2nd period - Brendan Morrison wins face-off versus Mike Richards in Red Wings zone.
14:09 of 2nd period - Shea Weber is hit by Claude Giroux and loses puck.
14:36 of 2nd period - Snap shot by Colby Armstrong.
14:36 of 2nd period - Shot Blocked by Richard Jackman.
14:38 of 2nd period - Minor Penalty to Christian Laflamme for Interference.
14:39 of 2nd period - Jason Spezza wins face-off versus Evgeni Malkin in Red Wings zone.
15:12 of 2nd period - Slapshot by Byron Bitz.
15:12 of 2nd period - Shot Misses the Net.
15:14 of 2nd period - Wrist shot by Brendan Morrison.
15:14 of 2nd period - Shot Blocked by Martin Havlat.
16:00 of 2nd period - Braydon Coburn is hit by Christian Backman and loses puck.
16:38 of 2nd period - Penalty to Christian Laflamme is over, Christian Laflamme is back on ice.
16:49 of 2nd period - Wrist shot by Christian Laflamme.
16:49 of 2nd period - Goal by Christian Laflamme - Red Wings : 3 - Maple Leafs : 5.
16:50 of 2nd period - Brendan Morrison wins face-off versus Rick Nash in neutral zone.
16:53 of 2nd period - Wrist shot by Brendan Morrison.
16:53 of 2nd period - Stopped by Scott Clemmensen with a rebound.
17:15 of 2nd period - Wrist shot by Mike Brown.
17:15 of 2nd period - Stopped by Marc-André Fleury without a rebound.
17:16 of 2nd period - Shawn Horcoff wins face-off versus Evgeni Malkin in Maple Leafs zone.
17:17 of 2nd period - Snap shot by Robert Dome.
17:17 of 2nd period - Stopped by Marc-André Fleury without a rebound.
17:18 of 2nd period - Evgeni Malkin wins face-off versus Shawn Horcoff in Maple Leafs zone.
17:43 of 2nd period - Rick Nash is hit by Matt Pettinger and loses puck.
18:28 of 2nd period - Snap shot by Michal Grosek.
18:28 of 2nd period - Stopped by Marc-André Fleury without a rebound.
18:29 of 2nd period - Rob Schremp wins face-off versus Nate Thompson in Maple Leafs zone.
18:54 of 2nd period - Blake Comeau is hit by Mike Richards and loses puck.
19:05 of 2nd period - Slapshot by Rob Schremp.
19:05 of 2nd period - Stopped by Scott Clemmensen without a rebound.
19:06 of 2nd period - Jason Spezza wins face-off versus Evgeni Malkin in Red Wings zone.
19:06 of 2nd period - Jason Spezza is hit by Alexander Frolov.
19:15 of 2nd period - Off-side.
19:16 of 2nd period - Jason Spezza wins face-off versus Alexander Frolov in neutral zone.
19:58 of 2nd period - Wrist shot by Jason Spezza.
19:58 of 2nd period - Stopped by Marc-André Fleury without a rebound.
19:59 of 2nd period - Mike Richards wins face-off versus Brendan Morrison in Maple Leafs zone.
Goals for this period are 3 for Red Wings vs 3 for Maple Leafs.
Shots for this period are 13 for Red Wings vs 10 for Maple Leafs.

3rd period


0:01 of 3rd period - Evgeni Malkin wins face-off versus Jason Spezza in neutral zone.
0:28 of 3rd period - Major / Game Misconduct Penalty to Teemu Selanne for Unsportsmanlike conduct.
0:28 of 3rd period - Teemu Selanne is ejected from game.
0:29 of 3rd period - Rick Nash wins face-off versus Evgeni Malkin in Red Wings zone.
1:06 of 3rd period - Off-side.
1:07 of 3rd period - Evgeni Malkin wins face-off versus Mike Richards in neutral zone.
1:20 of 3rd period - Wrist shot by Claude Giroux.
1:20 of 3rd period - Stopped by Scott Clemmensen without a rebound.
1:21 of 3rd period - Evgeni Malkin wins face-off versus Jason Spezza in Red Wings zone.
1:46 of 3rd period - Wrist shot by Martin Havlat.
1:46 of 3rd period - Stopped by Marc-André Fleury with a rebound.
1:48 of 3rd period - Snap shot by Martin Havlat.
1:48 of 3rd period - Stopped by Marc-André Fleury with a rebound.
1:50 of 3rd period - Slapshot by Christian Laflamme.
1:50 of 3rd period - Stopped by Marc-André Fleury without a rebound.
1:51 of 3rd period - Evgeni Malkin wins face-off versus Mike Richards in Maple Leafs zone.
1:55 of 3rd period - Off-side.
1:56 of 3rd period - Jason Spezza wins face-off versus Evgeni Malkin in neutral zone.
2:12 of 3rd period - Wrist shot by Evgeni Malkin.
2:12 of 3rd period - Shot Misses the Net.
2:22 of 3rd period - Martin Havlat is hit by Alex Goligoski and loses puck.
2:57 of 3rd period - Wrist shot by Claude Giroux.
2:57 of 3rd period - Goal by Claude Giroux - Red Wings : 3 - Maple Leafs : 6.
2:58 of 3rd period - Jason Spezza wins face-off versus Brendan Morrison in neutral zone.
4:46 of 3rd period - Paul Martin is hit by Dion Phaneuf and loses puck.
5:02 of 3rd period - Christian Laflamme is hit by Jordan Staal and loses puck.
5:28 of 3rd period - Penalty to Teemu Selanne is over, Mike Brown is send on ice.
5:35 of 3rd period - Snap shot by Robert Dome.
5:35 of 3rd period - Deflect By Mike Brown.
5:35 of 3rd period - Stopped by Marc-André Fleury without a rebound.
5:36 of 3rd period - Shawn Horcoff wins face-off versus Steve Ott in Maple Leafs zone.
6:26 of 3rd period - Snap shot by Evgeni Malkin.
6:26 of 3rd period - Stopped by Scott Clemmensen with a rebound.
6:38 of 3rd period - Slapshot by Christian Backman.
6:38 of 3rd period - Stopped by Marc-André Fleury with a rebound.
6:40 of 3rd period - Slapshot by Christian Backman.
6:40 of 3rd period - Stopped by Marc-André Fleury with a rebound.
6:42 of 3rd period - Wrist shot by Carson Mcmillan.
6:42 of 3rd period - Goal by Carson Mcmillan - Red Wings : 4 - Maple Leafs : 6.
6:43 of 3rd period - Jason Spezza wins face-off versus Evgeni Malkin in neutral zone.
6:54 of 3rd period - Slapshot by Rick Nash.
6:54 of 3rd period - Stopped by Marc-André Fleury with a rebound.
6:56 of 3rd period - Slapshot by Shea Weber.
6:56 of 3rd period - Shot Misses the Net.
6:58 of 3rd period - Snap shot by Martin Havlat.
6:58 of 3rd period - Stopped by Marc-André Fleury with a rebound.
7:08 of 3rd period - Brendan Morrison is hit by Mike Richards and loses puck.
7:25 of 3rd period - Minor Penalty to Sean Bergenheim for Interference.
7:26 of 3rd period - Evgeni Malkin wins face-off versus Jason Spezza in Red Wings zone.
7:43 of 3rd period - Snap shot by Claude Giroux.
7:43 of 3rd period - Goal by Claude Giroux - Red Wings : 4 - Maple Leafs : 7.
7:44 of 3rd period - Jason Spezza wins face-off versus Evgeni Malkin in neutral zone.
7:55 of 3rd period - Wrist shot by Martin Havlat.
7:55 of 3rd period - Shot Misses the Net.
7:57 of 3rd period - Backhand shot by Shea Weber.
7:57 of 3rd period - Stopped by Marc-André Fleury without a rebound.
7:58 of 3rd period - Evgeni Malkin wins face-off versus Jason Spezza in Maple Leafs zone.
7:58 of 3rd period - Evgeni Malkin is hit by Rick Nash.
8:09 of 3rd period - Snap shot by Rick Nash.
8:09 of 3rd period - Stopped by Marc-André Fleury with a rebound.
8:11 of 3rd period - Snap shot by Jason Spezza.
8:11 of 3rd period - Stopped by Marc-André Fleury with a rebound.
8:13 of 3rd period - Wrist shot by Rick Nash.
8:13 of 3rd period - Shot Misses the Net.
9:01 of 3rd period - Minor Penalty to Richard Jackman for Holding.
9:02 of 3rd period - Brendan Morrison wins face-off versus Jason Spezza in Red Wings zone.
11:01 of 3rd period - Penalty to Richard Jackman is over, Richard Jackman is back on ice.
11:09 of 3rd period - Mike Brown is hit by Dion Phaneuf and loses puck.
11:16 of 3rd period - Rob Schremp is hit by Christian Backman and loses puck.
11:30 of 3rd period - Minor Penalty to Carson Mcmillan for Holding.
11:31 of 3rd period - Jason Spezza wins face-off versus Evgeni Malkin in Red Wings zone.
11:52 of 3rd period - Wrist shot by Claude Giroux.
11:52 of 3rd period - Deflect By Martin Havlat.
11:52 of 3rd period - Stopped by Scott Clemmensen with a rebound.
11:54 of 3rd period - Slapshot by Alexander Frolov.
11:54 of 3rd period - Deflect By Evgeni Malkin.
11:54 of 3rd period - Stopped by Scott Clemmensen with a rebound.
12:04 of 3rd period - Mike Richards is hit by Byron Bitz and loses puck.
12:26 of 3rd period - Slapshot by Paul Martin.
12:26 of 3rd period - Stopped by Marc-André Fleury with a rebound.
12:42 of 3rd period - Snap shot by Rick Nash.
12:42 of 3rd period - Shot Misses the Net.
13:30 of 3rd period - Penalty to Carson Mcmillan is over, Carson Mcmillan is back on ice.
13:34 of 3rd period - Carson Mcmillan is hit by Brendan Morrison and loses puck.
13:57 of 3rd period - Nate Thompson is hit by Justin Abdelkader and loses puck.
14:02 of 3rd period - Snap shot by Rob Schremp.
14:02 of 3rd period - Shot Misses the Net.
14:04 of 3rd period - Slapshot by Alex Goligoski.
14:04 of 3rd period - Stopped by Scott Clemmensen with a rebound.
15:20 of 3rd period - Minor Penalty to Jordan Staal for Boarding.
15:21 of 3rd period - Claude Giroux wins face-off versus Jason Spezza in Maple Leafs zone.
16:53 of 3rd period - Icing by Sean Bergenheim.
16:54 of 3rd period - Claude Giroux wins face-off versus Mike Richards in Red Wings zone.
17:20 of 3rd period - Penalty to Jordan Staal is over, Jordan Staal is back on ice.
17:23 of 3rd period - Slapshot by Tobias Enstrom.
17:23 of 3rd period - Stopped by Scott Clemmensen with a rebound.
17:25 of 3rd period - Wrist shot by Brendan Morrison.
17:25 of 3rd period - Shot Blocked by Carson Mcmillan.
17:27 of 3rd period - Snap shot by Alexander Frolov.
17:27 of 3rd period - Stopped by Scott Clemmensen with a rebound.
17:29 of 3rd period - Snap shot by Alexander Frolov.
17:29 of 3rd period - Stopped by Scott Clemmensen with a rebound.
17:31 of 3rd period - Snap shot by Jordan Staal.
17:31 of 3rd period - Shot Misses the Net.
17:33 of 3rd period - Wrist shot by Alexander Frolov.
17:33 of 3rd period - Goal by Alexander Frolov - Red Wings : 4 - Maple Leafs : 8.
17:34 of 3rd period - Brendan Morrison wins face-off versus Martin Havlat in neutral zone.
17:59 of 3rd period - Mike Richards is hit by Steve Ott and loses puck.
18:24 of 3rd period - Alexander Frolov is hit by Michal Grosek and loses puck.
18:33 of 3rd period - Backhand shot by Michal Grosek.
18:33 of 3rd period - Shot Blocked by Tobias Enstrom.
18:43 of 3rd period - Christian Backman is hit by Byron Bitz and loses puck.
19:29 of 3rd period - Snap shot by Rob Schremp.
19:29 of 3rd period - Shot Blocked by Richard Jackman.
19:29 of 3rd period - Richard Jackman from Red Wings is injured at 19:29 of 3rd period (Groin).
19:30 of 3rd period - Jason Spezza wins face-off versus Evgeni Malkin in Red Wings zone.
19:30 of 3rd period - Jason Spezza is hit by Alexander Frolov.
Goals for this period are 1 for Red Wings vs 3 for Maple Leafs.
Shots for this period are 13 for Red Wings vs 11 for Maple Leafs.


Output by the SimonT Hockey Simulator (STHS) for François Prévost -- Original Page W3C XHTML 1.0 Valid
Hockey Simulator - Hockey Simulation - Hockey Manager